 Dungeon Crawl Stone Soup version 0.25-a0-614-g73ad250637 (webtiles) character file.

Game seed: 8238107123586850754, levelgen mode: deterministic

2569 n0claF the Skirmisher (level 9, -6/80 HPs)
             Began as a Hill Orc Fighter on Mar 17, 2020.
             Was a Priest of Beogh.
             Mangled by an orc knight
             ... wielding a +0 bardiche
              (29 damage)
             ... on level 7 of the Dungeon.
             The game lasted 00:21:17 (7239 turns).

n0claF the Skirmisher (Hill Orc Fighter)            Turns: 7239, Time: 00:21:17

Health: -6/80      AC: 14    Str: 26    XL:     9   Next: 57%
Magic:  9/9        EV:  5    Int:  8    God:    Beogh [***...]
Gold:   379        SH: 15    Dex: 10    Spells: 8/8 levels left

rFire    . . .     SeeInvis +   H - +8 hand axe of Hubris {speed, SInv}
rCold    + . .     Gourm    .   c - +1 kite shield
rNeg     + . .     Faith    .   J - +2 plate armour {rC+}
rPois    .         Spirit   .   K - -3 helmet of Xom's Scorn {Str+4}
rElec    .         Reflect  +   (no cloak)
rCorr    .         Harm     .   (no gloves)
MR       .....     Rnd*Tele +   x - +0 pair of boots
Stlth    ..........             z - +3 amulet of reflection
HPRegen  0.23/turn              m - ring of teleportation (curse)
MPRegen  0.11/turn              y - ring of positive energy

@: invisible
A: no striking features
a: Smiting, Renounce Religion


You were on level 7 of the Dungeon.
You worshipped Beogh.
Beogh was most pleased with you.
You were not hungry.

You visited 1 branch of the dungeon, and saw 7 of its levels.
You also visited: Sewer and Bailey.

You collected 379 gold pieces.

Inventory:

Hand Weapons
 a - a +0 war axe
 A - a +3 dagger of venom
   (You found it on level 3 of the Dungeon)
 H - the +8 hand axe of Hubris (weapon) {speed, SInv}
   (You found it on level 6 of the Dungeon)

   Attacks with this weapon are significantly faster.
   It lets you see invisible.
Armour
 b - a +0 scale mail
 c - a +1 kite shield (worn)
 u - a +0 helmet
   (You found it on level 2 of the Dungeon)
 x - a +0 pair of boots (worn)
   (You found it on level 5 of the Dungeon)
 G - a +0 leather armour of poison resistance
   (You found it on level 5 of the Dungeon)
 J - a +2 plate armour of cold resistance (worn)
   (You found it in a bailey)
 K - the -3 helmet of Xom's Scorn (worn) {Str+4}
   (You found it in a bailey)

   It affects your strength (+4).
Jewellery
 d - an uncursed ring of protection from magic {unknown}
   (You found it in a bailey)
 m - a cursed ring of teleportation (left hand)
   (You found it on level 5 of the Dungeon)
 y - a ring of positive energy (right hand)
   (You found it on level 3 of the Dungeon)
 z - a +3 amulet of reflection (around neck)
   (You found it on level 4 of the Dungeon)
Scrolls
 g - a scroll of immolation {!r}
 h - a scroll of enchant armour
 i - a scroll of teleportation {@r4}
 j - 7 scrolls of identify {@r1}
 t - 3 scrolls of enchant weapon
 v - 2 scrolls of random uselessness
 w - 4 scrolls of magic mapping
 E - 3 scrolls of blinking
 F - 2 scrolls of fog
 I - a scroll of remove curse {@r2}
Potions
 f - a potion of degeneration {unknown}
 k - 3 potions of magic
 l - a potion of might
 o - 2 potions of stabbing {unknown}
 p - 2 potions of flight {unknown}
 q - 3 potions of haste {unknown}
 r - a potion of mutation {unknown}
 s - 5 potions of lignification {!q}
 B - a potion of berserk rage {unknown}
 C - 2 potions of curing {unknown}
 D - 3 potions of heal wounds {unknown}
Comestibles
 e - 11 rations {!d}


   Skills:
 + Level 7.6 Fighting
 - Level 6.6 Short Blades
 * Level 6.1 Axes
 + Level 7.0 Armour
 + Level 7.1 Shields


You had 8 spell levels left.
You didn't know any spells.
Your spell library was empty.

Dungeon Overview and Level Annotations

Branches:
Dungeon (7/15)             Temple (0/1) D:6           Sewer (visited)
 Bailey (visited)

Altars:
Dithmenos
Gozag
Makhleb
Nemelex Xobeh
Xom

Annotations:
D:6 2 transporters, Scuka's ghost, novice DsGl


Message History

The orc knight roars a battlecry!
The orc knight goes into a battle-frenzy!
You block the orc knight's attack.
There is a gate leading back out of this place here.
You block the orc knight's attack.
The orc knight hits you with a +0 bardiche!!!
Ouch! That really hurt!
* * * LOW HITPOINT WARNING * * *
Welcome back to the Dungeon!
Your orc barely misses the orc knight.
There is an empty arch of ancient stone here.
You swap places.
You see here a +0 spear.
The orc knight barely misses you.
Your orc hits the orc knight but does no damage.
You enter the shallow water.
Moving in this stuff is going to be slow.
The orc knight hits your orc with a +0 bardiche!!
Your orc dies!
Your orc hits the orc knight but does no damage.
What are your orders? t - Shout!
Orders for allies: a - Attack new target. r - Retreat! s - Stop attacking. g - Guard the area. f - Follow me.
Anything else - Cancel.
Gang up on whom?
Aim: an orc knight, wielding a +0 bardiche and wearing a +0 plate armour (unusually strong) Attack!
Your orc hits the orc knight but does no damage. x2
The orc knight hits your orc priest with a +0 bardiche!!
Your orc priest dies!
Your orc hits something with a +0 whip.
Your orc hits something but does no damage.
Found 26 stones.
You hear a shout!
Something hits the orc knight.
The orc knight no longer looks unusually strong.
Your orc hits the orc knight.
You hear a splashing noise.
Found a scroll of teleportation.
You see here a +0 spear.
Found 2 gold pieces.
You see here a gold piece.
Found an opulent altar of Gozag.
You see here a gold piece.
Found 14 gold pieces.
You fade into invisibility!
The orc knight hits you from afar with a +0 bardiche!!
You die...
Beogh appreciates the orc knight's killing of a heretic priest.

,****************,****,*,,,,,,,,,
,*,,,,,,,,,,,,,#..,,,*,*,,,,,,,,,
,*,***********,#..*,**,*,,,,,,,,,
,*,*,,,,,,,,,*,#..*,,,,*,,,,,,,,,
.#.#.##*****,*,#.#####,,,,,,,,,,,
...#..#*****,*,#.#8_8#***,,,,,,,,
......,..(#*.#,#$#$.$# *,,,,,,,,
..≈≈≈≈≈≈≈.##.#,#.#.$.* *,<,,,,,,
..≈#####≈....#,#@##.## *,,,,,,,,
..≈#..)#≈....#,#.#.$.# **,,,*+**
..≈#.).#≈....#,#o#...####*,,,*,*
..≈#)o)#≈.#*.#,#...$....#*,,,*,*
..≈##.##≈.##.#,###...##.#*,,,*,*
#.≈÷)o≈≈≈....#.#...$..#,*,,,,*,*
#.........####........#,*,,,,*,**
....#.###########..$..#,*,,,,*,,,
#+#.......o..o..)))..<#,*,,,,****


You could see an orc knight.

Vanquished Creatures
  Grinder (D:6)
  Sigmund (D:6)
  An orc warrior (Bailey)
  An ice beast (D:5)
  4 ogres
  A centaur (D:6)
  Blork the orc (D:6)
  3 bullfrogs
  3 scorpions (D:4)
  3 wights (D:6)
  A howler monkey (D:6)
  A bullfrog zombie (D:5)
  A hound (D:4)
  2 iguanas
  3 orc priests
  5 orc wizards
  5 worker ants
  3 gnolls (D:7)
  9 adders
  3 river rats (Sewer)
  A shadow imp (D:5)
  2 oozes (Sewer)
  An adder skeleton (D:4)
  An adder zombie (D:6)
  3 worms
  2 dart slugs (D:2)
  3 leopard geckos
  16 orcs
  6 giant cockroaches
  7 goblins
  6 hobgoblins
  7 jackals (D:1)
  8 kobolds
  A quokka (D:2)
  16 ball pythons
  10 bats
  8 frilled lizards
  A giant cockroach zombie (D:5)
  31 rats
182 creatures vanquished.

Vanquished Creatures (collateral kills)
  An orc knight (Bailey)
  A bullfrog (D:7)
  A crimson imp (D:6)
  A hound (D:6)
  An orc wizard (D:7)
  4 orcs
  A goblin (D:7)
10 creatures vanquished.

Vanquished Creatures (others)
  3 orc warriors
  A centaur (D:5)
  2 orc priests
  10 orcs
16 creatures vanquished.

Grand Total: 208 creatures vanquished

Notes
Turn   | Place    | Note
-------+----------+-------------------------------------------
     0 | D:1      | n0claF the Hill Orc Fighter began the quest for the Orb.
     0 | D:1      | Reached XP level 1. HP: 19/19 MP: 1/1
    11 | D:1      | Reached XP level 2. HP: 21/27 MP: 2/2
   179 | D:1      | Reached XP level 3. HP: 24/33 MP: 3/3
   412 | D:2      | Found a shadowy altar of Dithmenos.
   982 | D:2      | Reached XP level 4. HP: 34/40 MP: 4/4
  1457 | D:3      | Became a worshipper of Beogh the Brigand
  1499 | D:3      | Reached XP level 5. HP: 21/47 MP: 5/5
  1517 | D:3      | Reached skill level 5 in Axes
  2348 | D:4      | Reached skill level 1 in Short Blades
  2348 | D:4      | Reached XP level 6. HP: 53/53 MP: 6/6
  2352 | D:4      | Found a shimmering altar of Xom.
  2384 | D:4      | Reached skill level 5 in Fighting
  2385 | D:4      | Reached XP level 7. HP: 5/61 MP: 7/7
  2385 | D:4      | HP: 3/61 [orc/+0 club (2)]
  2751 | D:4      | Reached * piety under Beogh
  3106 | D:4      | Reached skill level 5 in Shields
  3141 | D:4      | Reached skill level 5 in Armour
  3415 | D:5      | Entered Level 5 of the Dungeon
  3422 | D:5      | Found a glowing drain.
  3458 | Sewer    | Entered a sewer
  3773 | Sewer    | Reached ** piety under Beogh
  3998 | Sewer    | Reached XP level 8. HP: 19/70 MP: 8/8
  4680 | D:5      | Reached skill level 5 in Short Blades
  4770 | D:5      | Found a burning altar of Makhleb.
  4803 | D:5      | Found a sparkling altar of Nemelex Xobeh.
  5137 | D:6      | Noticed Blork the orc
  5150 | D:6      | Killed Blork the orc
  5156 | D:6      | Found a shimmering altar of Xom.
  5176 | D:6      | Noticed Sigmund
  5183 | D:6      | Killed Sigmund
  5305 | D:6      | Reached *** piety under Beogh
  5311 | D:6      | Reached XP level 9. HP: 65/78 MP: 9/9
  5342 | D:6      | Got an ivory hand axe
  5343 | D:6      | Identified the +8 hand axe of Hubris {speed, SInv} (You
                  | found it on level 6 of the Dungeon)
  5411 | D:6      | Found a staircase to the Ecumenical Temple.
  5764 | D:6      | Found a transporter.
  5768 | D:6      | Noticed a hornet
  5806 | D:6      | Found a transporter.
  5940 | D:6      | Noticed Scuka's ghost (novice DsGl)
  5992 | D:6      | Noticed Grinder
  6024 | D:6      | Killed Grinder
  6225 | D:7      | Found a flagged portal.
  6247 | Bailey   | Entered a bailey
  6531 | Bailey   | Noticed an orc knight
  6534 | Bailey   | Noticed an orc knight
  6537 | Bailey   | Killed an orc knight
  6645 | Bailey   | Got a jewelled helmet
  6934 | Bailey   | Identified the -3 helmet of Xom's Scorn {Str+4} (You found
                  | it in a bailey)
  7232 | D:7      | Found an opulent altar of Gozag.
  7239 | D:7      | Mangled by an orc knight

Levels and vault maps discovered:
D:1:      dpeg_arrival_tiny_d, layout_rooms
D:2:      layout_basic, grunt_dithmenos_smoke
D:3:      layout_loops_ring, first_ration, minmay_tree_intersection
D:4:      layout_loops_ring, overflow_temple_1_default, serial_glass,
          glass_columns_a, glass_columns_c
D:5:      layout_rooms, kennysheep_mini, portal_sewer_entry_f,
          nemelex_spade_bored_becter
D:6:      layout_loops_ring, minmay_temple_entry_large_hall, basic_altar,
          gammafunk_ghost_hive, uniq_blork_the_orc, uniq_sigmund, uniq_grinder
D:7:      layout_basic, grunt_gozag_breadcrumbs, enter_bailey_3

Skill      XL: |  1  2  3  4  5  6  7  8  9 |
---------------+----------------------------+-----
Axes           | 3 4 5 6 |  6.1
Fighting       | 4 5 6 7 |  7.6
Shields        | 4 5 6 7 |  7.1
Armour         | 4 5 6 7 |  7.0
Short Blades   | 1 2 4 5 6 |  6.6

Action                   |  1- 3 |  4- 6 |  7- 9 || total
-------------------------+-------+-------+-------++-------
Melee: War axe           |   115 |   106 |    22 ||   243
       Dagger            |       |       |   356 ||   356
       Hand axe          |       |       |    55 ||    55
Invok: Convert to Beogh  |       |     1 |       ||     1
  Use: Potion            |       |     1 |     5 ||     6
       Scroll            |       |       |    15 ||    15
  Eat: Chunk             |       |     5 |    13 ||    18
       Ration            |       |       |     1 ||     1
Armor: Scale mail        |    81 |    43 |   146 ||   270
       Skin              |       |       |     9 ||     9
       Leather armour    |       |       |     9 ||     9
Dodge: Dodged            |    47 |    35 |   115 ||   197
Block: Kite shield       |    78 |    48 |   255 ||   381
       Reflection        |       |       |     9 ||     9

Table legend:
 A = Non-vault XP
 B = Vault XP
 C = Vault XP percentage of total XP
 D = Non-vault monster count
 E = Vault monster count
 F = Vault count percentage of total count
                 A         B        C        D         E       F
            +---------+---------+-------+---------+---------+-------
      Total |    2414 |    1256 |  34.2 |     128 |      65 |  33.7
            +---------+---------+-------+---------+---------+-------
        D:1 |      37 |       0 |   0.0 |      23 |       0 |   0.0
        D:2 |      47 |       0 |   0.0 |      19 |       0 |   0.0
        D:3 |     172 |       0 |   0.0 |      30 |       0 |   0.0
        D:4 |     680 |       0 |   0.0 |      18 |       0 |   0.0
        D:5 |     661 |      11 |   1.6 |      14 |       5 |  26.3
        D:6 |     653 |     508 |  43.8 |      18 |       3 |  14.3
        D:7 |     164 |       6 |   3.5 |       6 |       4 |  40.0
      Sewer |       0 |     315 | 100.0 |       0 |      48 | 100.0
     Bailey |       0 |     416 | 100.0 |       0 |       5 | 100.0
            +---------+---------+-------+---------+---------+-------
